 Dungeon Crawl Stone Soup version 0.30.1-4-g462c640d31 (webtiles) character file.

Game seed: 10203498857313150014

2449 Demigod47 the Cutter (level 9, -12/66 HPs)
             Began as a Demonspawn Gladiator on Aug 21, 2023.
             Was a Believer of Wu Jian.
             Mangled by a two-headed ogre
             ... wielding a +0 giant club
              (18 damage)
             ... on level 7 of the Dungeon on Aug 22, 2023.
             The game lasted 00:16:34 (5846 turns).

Demigod47 the Cutter (Demonspawn Gladiator)         Turns: 5846, Time: 00:16:34

Health: -12/66     AC: 24    Str: 16    XL:     9   Next: 25%
Magic:  9/9        EV:  6    Int:  9    God:    Wu Jian [**....]
Gold:   448        SH:  0    Dex: 18    Spells: 8/8 levels left

rFire   + . .        A - +2 short sword (elec)
rCold   + . .        (no shield)
rNeg    . . .        E - +7 plate armour "Uhijuc" {Will+}
rPois   .            c - +0 helmet
rElec   .            L - scarf {rC+ rF+}
rCorr   .            x - +0 pair of gloves
SInv    .            (no boots)
Will    +....        g - amulet of faith Stlth
                     (no ring)
HPRegen 0.31/turn    (no ring)
MPRegen 0.11/turn

%: faith
@: about to teleport
A: claws 1, yellow scales 1, demonic guardian 1, ignite blood 1
a: Renounce Religion, Wall Jump


You were on level 7 of the Dungeon.
You worshipped Wu Jian.
Wu Jian was pleased with you.
You visited 2 branches of the dungeon, and saw 8 of its levels.

You collected 565 gold pieces.
You spent 117 gold pieces at shops.

Inventory:

Hand Weapons
 a - a +0 long sword
 m - a +0 sling
 u - a +0 falchion
 A - a +2 short sword of electrocution (weapon)
Missiles
 d - 5 throwing nets (quivered)
 e - 5 javelins
 v - 7 curare-tipped darts
 w - 5 boomerangs of dispersal
 H - 11 poisoned darts
Armour
 b - a +0 leather armour
 c - a +0 helmet (worn)
 r - a +0 ring mail
 s - a +0 helmet
 x - a +0 pair of gloves (worn)
 E - the +7 plate armour "Uhijuc" (worn) {Will+}
   (You found it on level 4 of the Dungeon)

   Will:      It increases your willpower.
 L - a scarf of resistance (worn)
Magical Staves
 j - a staff of air
Jewellery
 g - an amulet of faith (around neck)
Wands
 O - a wand of flame (23)
Scrolls
 f - a scroll of teleportation
 n - 3 scrolls of immolation {unknown}
 o - a scroll of torment {unknown}
 p - 4 scrolls of amnesia {unknown}
 q - 2 scrolls of fog {unknown}
 y - a scroll of enchant weapon {unknown}
 C - 3 scrolls of fear {unknown}
 D - a scroll of blinking {unknown}
 F - 2 scrolls of noise {unknown}
 J - a scroll of identify {unknown}
 K - a scroll of enchant armour {unknown}
 M - a scroll of brand weapon {unknown}
 P - a scroll of poison {unknown}
Potions
 h - 2 potions of flight {unknown}
 i - 4 potions of heal wounds {unknown}
 k - 2 potions of cancellation {unknown}
 l - 3 potions of degeneration {unknown}
 t - a potion of magic {unknown}
 z - 2 potions of curing {unknown}
 B - 2 potions of invisibility {unknown}
 G - a potion of mutation {unknown}
 I - a potion of haste
 N - a potion of ambrosia {unknown}


   Skills:
 + Level 4.6 Fighting
 + Level 6.6(7.5) Short Blades
 + Level 5.5(7.0) Long Blades
 + Level 1.8 Throwing
 + Level 6.1 Armour
 + Level 3.5 Dodging
 - Level 1.0 Stealth


You had 8 spell levels left.
You didn't know any spells.
Your spell library contained the following spells:

 Spells                   Type           Power      Damage    Failure   Level
 Slow                     Hex            0%         N/A       100%        1
 Lesser Beckoning         Tloc           0%         N/A       100%        2
 Confusing Touch          Hex            0%         N/A       100%        3
 Gell's Gravitas          Tloc           0%         N/A       100%        3
 Inner Flame              Hex/Fire       0%         N/A       100%        3
 Teleport Other           Tloc           0%         N/A       100%        3
 Vampiric Draining        Necr           0%         2d6       100%        3
 Flame Wave               Conj/Fire      0%         2d4       100%        4
 Sticky Flame             Conj/Fire      0%         2d3       100%        4
 Blade Hands              Tmut           0%         N/A       100%        5
 Irradiate                Conj/Tmut      0%         3d11      100%        5
 Dispersal                Tloc           0%         N/A       100%        6
 Dragon Form              Tmut           0%         N/A       100%        7


Dungeon Overview and Level Annotations

Branches:
Dungeon (7/15)             Temple (1/1) D:4

Altars:
Dithmenos
Qazlal
Trog
Wu Jian
Yredelemnul

Shops:
D:3 [

Annotations:
D:4 2 transporters, Almogavar's ghost, amateur HOFi
D:5 2 transporters, Plommelars's ghost, amateur DrFE
D:7 2 transporters, 1 runed translucent door, Crazy Yiuf; aeroqp's ghost, novice VSCj


Innate Abilities, Weirdness & Mutations

You have sharp fingernails.
You are partially covered in yellow scales. (AC +2)
A weak demonic guardian rushes to your aid.
Your demonic aura sometimes causes spilled blood to erupt in flames.


Message History

There is an open door here.
l - 3 fizzy silvery potions (gained 1)
A two-headed ogre comes into view. It is wielding two +0 giant clubs.
A two-headed ogre is nearby!
You lunge at the two-headed ogre.
You hit the two-headed ogre but do no damage.
The two-headed ogre hits you but does no damage.
The two-headed ogre hits you with a +0 giant club.
You hit the two-headed ogre.
The two-headed ogre is lightly wounded.
You puncture the two-headed ogre!
The two-headed ogre is moderately wounded.
The two-headed ogre hits you with a +0 giant club!
The two-headed ogre hits you but does no damage.
You hit the two-headed ogre.
The two-headed ogre is moderately wounded.
You closely miss the two-headed ogre.
The two-headed ogre is moderately wounded.
You hit the two-headed ogre.
The two-headed ogre is moderately wounded.
The two-headed ogre hits you with a +0 giant club!
A demonic guardian appears!
The two-headed ogre hits you with a +0 giant club.
You barely miss the two-headed ogre.
The two-headed ogre is moderately wounded.
You barely miss the two-headed ogre.
The two-headed ogre is moderately wounded.
The two-headed ogre hits you with a +0 giant club!!
* * * LOW HITPOINT WARNING * * *
The two-headed ogre hits you but does no damage.
You hit the two-headed ogre.
The two-headed ogre is heavily wounded.
Okay, then.
Okay, then.
As you read the scroll labelled GUAGIT POMEHEB, it crumbles to dust.
You feel strangely unstable.
It was a scroll of teleportation.
The two-headed ogre hits you with a +0 giant club!
* * * LOW HITPOINT WARNING * * *
The two-headed ogre hits you with a +0 giant club!!
You die...

......##### #.....# #
#### +.....# # ..#
#.....# # #.# #....<#
### #.# #.....###.. #.#
#.....##...
#5######.....#....
#@#..........#.... ###
#O#..........#.... ..##
#.#.....###'##...# #...
#.'.....').......#
#.#.####.....#........#
......##.....#.......##
#....)....#.......#.
#.........#.......#.
#.....#####.......##


You could see a two-headed ogre (ally target) and a friendly shadow imp
(summoned).

Vanquished Creatures
  5 yaks (D:6)
  A water moccasin (D:6)
  Duvessa (D:7)
  A sky beast (D:7)
  A black bear (D:5)
  An ogre (D:6)
  2 centaurs (D:5)
  A phantom (D:5)
  7 scorpions
  A bullfrog (D:7)
  Dowan (D:7)
  A howler monkey (D:7)
  2 hounds (D:5)
  An orc priest (D:3)
  An iguana (D:6)
  A sleepcap (D:5)
  5 orc wizards
  A gnoll (D:5)
  4 adders
  A shadow imp (D:7)
  4 white imps
  An ufetubus (D:5)
  3 worms
  A dart slug (D:3)
  14 orcs
  3 ball pythons
  5 endoplasms
  2 giant cockroaches
  7 goblins
  5 hobgoblins
  5 kobolds
  7 quokkas
  5 bats
  4 frilled lizards
  3 rats
108 creatures vanquished.

Vanquished Creatures (collateral kills)
  An orc (D:5)
1 creature vanquished.

Grand Total: 109 creatures vanquished

Notes
Turn   | Place    | Note
-------+----------+-------------------------------------------
     0 | D:1      | Demigod47 the Demonspawn Gladiator began the quest for the
                  | Orb.
     0 | D:1      | Reached XP level 1. HP: 16/16 MP: 1/1
     3 | D:1      | Noticed an electric eel
    15 | D:1      | Noticed an electric eel
    90 | D:1      | Gained mutation: You are partially covered in yellow
                  | scales. (AC +2) [demonic ancestry]
    90 | D:1      | Reached XP level 2. HP: 13/22 MP: 2/2
   948 | D:2      | Found a faded altar of an unknown god.
  1109 | D:2      | Reached XP level 3. HP: 26/27 MP: 3/3
  1332 | D:3      | Found Coydev's Antique Armour Shop.
  1390 | D:3      | Reached XP level 4. HP: 30/33 MP: 4/4
  1422 | D:3      | Bought a pair of gloves for 117 gold pieces
  1623 | D:3      | Found an ornate altar of the Wu Jian Council.
  1623 | D:3      | Found a bloodstained altar of Trog.
  1634 | D:3      | Found a shadowy altar of Dithmenos.
  1636 | D:3      | Found a basalt altar of Yredelemnul.
  1654 | D:3      | Became a worshipper of the Wu Jian Council
  1727 | D:3      | Reached skill level 1 in Armour
  2158 | D:4      | Found a transporter.
  2162 | D:4      | Identified the +7 plate armour "Uhijuc" {Will+}
  2193 | D:4      | Found a transporter.
  2195 | D:4      | Noticed Almogavar's ghost (amateur HOFi)
  2195 | D:4      | Noticed a scorpion
  2208 | D:4      | Killed a scorpion
  2209 | D:4      | Gained mutation: A weak demonic guardian rushes to your
                  | aid. [demonic ancestry]
  2209 | D:4      | Reached XP level 5. HP: 26/39 MP: 5/5
  2431 | D:4      | Found a staircase to the Ecumenical Temple.
  2445 | Temple   | Entered the Ecumenical Temple
  2557 | D:4      | Reached * piety under Wu Jian
  3128 | D:5      | Entered Level 5 of the Dungeon
  3290 | D:5      | Reached skill level 1 in Short Blades
  3290 | D:5      | Gained mutation: Your demonic aura sometimes causes spilled
                  | blood to erupt in flames. [demonic ancestry]
  3290 | D:5      | Reached XP level 6. HP: 11/46 MP: 6/6
  3511 | D:5      | Reached skill level 5 in Long Blades
  3511 | D:5      | Found a transporter.
  3515 | D:5      | Noticed Plommelars's ghost (amateur DrFE)
  3655 | D:5      | Reached XP level 7. HP: 46/52 MP: 7/7
  4096 | D:5      | Found a transporter.
  4189 | D:6      | Noticed a yak
  4189 | D:6      | Noticed a yak
  4197 | D:6      | Noticed a yak
  4197 | D:6      | Noticed a yak
  4197 | D:6      | Noticed a yak
  4210 | D:6      | Killed a yak
  4211 | D:6      | Reached XP level 8. HP: 28/58 MP: 8/8
  4223 | D:6      | Reached ** piety under Wu Jian
  4249 | D:6      | Reached skill level 5 in Short Blades
  4249 | D:6      | Reached skill level 5 in Armour
  4255 | D:6      | Reached skill level 1 in Stealth
  4865 | D:6      | Gained mutation: You have sharp fingernails. [demonic
                  | ancestry]
  4865 | D:6      | Reached XP level 9. HP: 31/65 MP: 9/9
  5292 | D:7      | Found a transporter.
  5412 | D:7      | Found a transporter.
  5421 | D:7      | Noticed an ancient zyme
  5431 | D:7      | Noticed aeroqp's ghost (novice VSCj)
  5569 | D:7      | Found a runed translucent door.
  5570 | D:7      | Noticed Crazy Yiuf
  5751 | D:7      | Noticed Duvessa
  5753 | D:7      | Noticed Dowan
  5761 | D:7      | Killed Duvessa
  5780 | D:7      | Killed Dowan
  5834 | D:7      | Noticed a two-headed ogre
  5846 | D:7      | Mangled by a two-headed ogre

Illustrated notes

Levels and vault maps discovered:
D:1:      arrival_aquarium_b, layout_loops_ring
D:2:      layout_rooms, ebering_ecumenical_altar_ruins
D:3:      layout_loops_ring, chequers_temple_overflow_minitemple, serial_shops,
          nicolae_shop_temple_entry_statues_fountains
D:4:      layout_basic, minmay_temple_entry_sparse_star, gammafunk_ghost_arena,
          chequers_serial_rivers_small_b
D:5:      layout_loops_cross, gammafunk_ghost_mausoleum,
          chequers_serial_rivers_micro_a, grunt_ministairs_11,
          minmay_joined_circles
D:6:      layout_loops_cross, ebering_dispersal_statue_hall
D:7:      layout_basic, gammafunk_ghost_abyssal_escape, uniq_maggie,
          uniq_crazy_yiuf_cottage, uniq_duvessa
Temple:   minmay_temple_bridge_d

Skill      XL: |  1  2  3  4  5  6  7  8  9 |
---------------+----------------------------+-----
Dodging        | 3 |  3.5
Long Blades    | 3 4 5 |  5.5
Armour         | 1 2 4 5 6 |  6.1
Short Blades   | 1 4 6 |  6.6
Fighting       | 3 4 |  4.6
Stealth        | 1 |  1.0
Throwing       | |  1.8

Action                     |  1- 3 |  4- 6 |  7- 9 || total
---------------------------+-------+-------+-------++-------
  Melee: Long sword        |    92 |    89 |       ||   181
         Punch             |     1 |     1 |     2 ||     4
         Short sword       |       |    89 |   262 ||   351
Ability: Lunge             |       |     4 |    12 ||    16
         Whirlwind         |       |    10 |     9 ||    19
    Use: Scroll            |       |       |     1 ||     1
 Armour: Leather armour    |    27 |       |       ||    27
         Ring mail         |    16 |    19 |       ||    35
         Plate armour      |       |    84 |   139 ||   223
  Dodge: Dodged            |    63 |    66 |    38 ||   167
